| TOP OF THE 1ST |
|
Erie SeaWolves batting - Pitching for Portland Sea Dogs : RHP Chris Cory
|
|
Pitching: RHP Chris Cory
|
|
|
Batting: RHB Eric Angelle
|
0-0: Ball 1-0: Foul Ball, location: 2F 1-1: Ball 2-1: Foul Ball, location: 2F 2-2: Ball 3-2: Strikes out swinging
|
|
Batting: RHB Carlos Armenteros
|
0-0: Called Strike 0-1: Swinging Strike 0-2: Ball 1-2: Ball 2-2: Ground out U3 (Groundball, 34, EV 101.2 MPH)
|
|
Batting: RHB Adam MacConnell
|
0-0: Foul Ball, location: 2F 0-1: Ball 1-1: Swinging Strike 1-2: SINGLE (Groundball, 6MD, EV 105.6 MPH)
|
|
Batting: RHB John Evancho
|
0-0: Ball 1-0: Called Strike 1-1: Foul Ball, location: 2F 1-2: Ground out 4-3 (Groundball, 4, EV 96.2 MPH)
|
| Top of the 1st over - 0 runs, 1 hit, 0 errors, 1 left on base; Erie 0 - Portland 0 |
| BOTTOM OF THE 1ST |
|
Portland Sea Dogs batting - Pitching for Erie SeaWolves : RHP Dan Keener
|
|
Pitching: RHP Dan Keener
|
|
|
Batting: RHB Larry Brocato
|
0-0: Called Strike 0-1: Ground out 5-3 (Groundball, 5, EV 77.5 MPH)
|
|
Batting: RHB Joe Sandoval
|
0-0: Swinging Strike 0-1: Foul Ball, location: 2F 0-2: Strikes out looking
|
|
Batting: LHB David Moore
|
0-0: Foul Ball, location: 2F 0-1: Ball 1-1: Ball 2-1: Ball 3-1: Base on Balls
|
|
Batting: RHB Dave Burwell
|
0-0: Fielders Choice at 2nd, 5-4 (Groundball, 5, EV 103.1 MPH)
|
| Bottom of the 1st over - 0 runs, 0 hits, 0 errors, 1 left on base; Erie 0 - Portland 0 |
| TOP OF THE 2ND |
|
Erie SeaWolves batting - Pitching for Portland Sea Dogs : RHP Chris Cory
|
|
Batting: RHB Benny O'Connor
|
0-0: Swinging Strike 0-1: Ball 1-1: Foul Ball, location: 2F 1-2: SINGLE (Line Drive, 4MD, EV 101.9 MPH)
|
|
Batting: RHB Tony Soto
|
0-0: Ball 1-0: TRIPLE (Flyball, 8LXD, EV 93.8 MPH) Benny O'Connor scores
|
|
Batting: RHB Tanner Purchase
|
0-0: Fly out, F8 (Flyball, 78M, EV 87.5 MPH)
|
|
Batting: RHB Jamie Villagrana
|
0-0: Ball 1-0: Ball 2-0: Called Strike 2-1: Called Strike 2-2: Strikes out swinging
|
|
Batting: LHB Nick Nino
|
0-0: Called Strike 0-1: SINGLE (Flyball, 4D, EV 98.8 MPH) Tony Soto scores
|
|
Batting: RHB Eric Angelle
|
0-0: Ball 1-0: Ball 2-0: Ball 3-0: Base on Balls Nick Nino to second
|
|
Batting: RHB Carlos Armenteros
|
0-0: Foul Ball, location: 2F 0-1: Ball 1-1: Ground out 1-3 (Groundball, 13S, EV 65.0 MPH)
|
| Top of the 2nd over - 2 runs, 3 hits, 0 errors, 2 left on base; Erie 2 - Portland 0 |
| BOTTOM OF THE 2ND |
|
Portland Sea Dogs batting - Pitching for Erie SeaWolves : RHP Dan Keener
|
|
Batting: LHB Sergio Tinoco
|
0-0: Ground out 4-3 (Groundball, 34D, EV 92.5 MPH)
|
|
Batting: RHB Travis Campbell
|
0-0: Called Strike 0-1: Ball 1-1: Swinging Strike 1-2: Ball 2-2: Ground out 4-3 (Groundball, 34, EV 105.0 MPH)
|
|
Batting: RHB Alex Melendez
|
0-0: Ball 1-0: Swinging Strike 1-1: Fly out, F8 (Flyball, 78D, EV 94.4 MPH)
|
| Bottom of the 2nd over - 0 runs, 0 hits, 0 errors, 0 left on base; Erie 2 - Portland 0 |
| TOP OF THE 3RD |
|
Erie SeaWolves batting - Pitching for Portland Sea Dogs : RHP Chris Cory
|
|
Batting: RHB Adam MacConnell
|
0-0: Foul Ball, location: 2F 0-1: Ball 1-1: Fly out, F8 (Line Drive, 89D, EV 98.1 MPH)
|
|
Batting: RHB John Evancho
|
0-0: Ball 1-0: Called Strike 1-1: Called Strike 1-2: Ball 2-2: Ball 3-2: Foul Ball, location: 2F 3-2: Base on Balls
|
|
Batting: RHB Benny O'Connor
|
0-0: Called Strike 0-1: Ball 1-1: Ball 2-1: Ball 3-1: SINGLE (Line Drive, 9S, EV 94.4 MPH) John Evancho to second Runner from 2nd tries for 3rd, SAFE, throw by RF made to third
|
|
Batting: RHB Tony Soto
|
0-0: Fly out, F9 (Line Drive, 9, EV 86.2 MPH)
|
|
Batting: RHB Tanner Purchase
|
0-0: Called Strike 0-1: Fly out, F9 (Line Drive, 89M, EV 93.1 MPH)
|
| Top of the 3rd over - 0 runs, 1 hit, 0 errors, 2 left on base; Erie 2 - Portland 0 |
| BOTTOM OF THE 3RD |
|
Portland Sea Dogs batting - Pitching for Erie SeaWolves : RHP Dan Keener
|
|
Batting: RHB Miguel Villanueva
|
0-0: Fly out, F7 (Flyball, 78S, EV 78.1 MPH)
|
|
Batting: RHB Frank Sokolosky
|
0-0: Ground out 4-3 (Groundball, 4, EV 85.6 MPH)
|
|
Batting: RHB Larry Brocato
|
0-0: Ball 1-0: Ball 2-0: Ground out 5-3 (Groundball, 56, EV 88.1 MPH)
|
| Bottom of the 3rd over - 0 runs, 0 hits, 0 errors, 0 left on base; Erie 2 - Portland 0 |
| TOP OF THE 4TH |
|
Erie SeaWolves batting - Pitching for Portland Sea Dogs : RHP Chris Cory
|
|
Batting: RHB Jamie Villagrana
|
0-0: SINGLE (Groundball, 6MD, EV 103.8 MPH)
|
|
Batting: LHB Nick Nino
|
0-0: Swinging Strike 0-1: Ball Wild Pitch! Jamie Villagrana to second 1-1: Fly out, F8 (Flyball, 8LS, EV 86.2 MPH)
|
|
Batting: RHB Eric Angelle
|
0-0: Ball 1-0: SINGLE (Flyball, 4MD, EV 90.0 MPH) Jamie Villagrana to third
|
|
Batting: RHB Carlos Armenteros
|
0-0: Ball 1-0: Fly out, F7 (Flyball, 78D, EV 78.1 MPH) Runner from 3rd tags up, SCORES, throw by LF
|
|
Batting: RHB Adam MacConnell
|
0-0: Ball 1-0: Ball 2-0: Foul Ball, location: 2F 2-1: Ground out 4-3 (Groundball, 4, EV 81.2 MPH)
|
| Top of the 4th over - 1 run, 2 hits, 0 errors, 1 left on base; Erie 3 - Portland 0 |
| BOTTOM OF THE 4TH |
|
Portland Sea Dogs batting - Pitching for Erie SeaWolves : RHP Dan Keener
|
|
Batting: RHB Joe Sandoval
|
0-0: Swinging Strike 0-1: Ball 1-1: Ball 2-1: Ball 3-1: Foul Ball, location: 2F 3-2: Strikes out swinging
|
|
Batting: LHB David Moore
|
0-0: Ball 1-0: Ground out 6-3 (Groundball, 6MS, EV 70.0 MPH)
|
|
Batting: RHB Dave Burwell
|
0-0: Called Strike 0-1: Ball 1-1: Ball 2-1: Ground out 5-3 (Groundball, 5, EV 101.2 MPH)
|
| Bottom of the 4th over - 0 runs, 0 hits, 0 errors, 0 left on base; Erie 3 - Portland 0 |
| TOP OF THE 5TH |
|
Erie SeaWolves batting - Pitching for Portland Sea Dogs : RHP Chris Cory
|
|
Batting: RHB John Evancho
|
0-0: Foul Ball, location: 2F 0-1: SOLO HOME RUN (Flyball, 7D, EV 103.8 MPH), Distance : 405 ft
|
|
Batting: RHB Benny O'Connor
|
0-0: Ball 1-0: Foul Ball, location: 2F 1-1: Ball 2-1: Swinging Strike 2-2: Fly out, F7 (Flyball, 7D, EV 92.5 MPH)
|
|
Batting: RHB Tony Soto
|
0-0: Ball 1-0: Swinging Strike 1-1: Ball 2-1: Ball 3-1: Foul Ball, location: 2F 3-2: Strikes out swinging
|
|
Batting: RHB Tanner Purchase
|
0-0: Ball 1-0: Swinging Strike 1-1: Ball 2-1: SINGLE (Line Drive, 89S, EV 89.4 MPH)
|
|
Batting: RHB Jamie Villagrana
|
Pickoff Throw to First - Error! E1 Tanner Purchase to second 0-0: Ground out 3-1 (Groundball, 13, EV 79.4 MPH)
|
| Top of the 5th over - 1 run, 2 hits, 1 error, 1 left on base; Erie 4 - Portland 0 |
| BOTTOM OF THE 5TH |
|
Portland Sea Dogs batting - Pitching for Erie SeaWolves : RHP Dan Keener
|
|
Batting: LHB Sergio Tinoco
|
0-0: Fly out, F9 (Line Drive, 9, EV 101.2 MPH)
|
|
Batting: RHB Travis Campbell
|
0-0: Called Strike 0-1: Foul Ball, location: 2F 0-2: Ball 1-2: Ball 2-2: SINGLE (Groundball, 56D, EV 93.8 MPH)
|
|
Batting: RHB Alex Melendez
|
0-0: Swinging Strike 0-1: Ball 1-1: Foul Ball, location: 2F 1-2: Foul Ball, location: 2F 1-2: Ball 2-2: Strikes out swinging
|
|
Batting: RHB Miguel Villanueva
|
0-0: Ball Wild Pitch! Travis Campbell to second 1-0: Foul Ball, location: 2F 1-1: 2-RUN HOME RUN (Flyball, 7D, EV 96.9 MPH), Distance : 396 ft
|
|
Batting: RHB Frank Sokolosky
|
0-0: Called Strike 0-1: SINGLE (Line Drive, 56, EV 103.1 MPH)
|
|
Batting: RHB Larry Brocato
|
0-0: Ball 1-0: Ball Wild Pitch! Frank Sokolosky to second 2-0: SINGLE (Line Drive, 56, EV 103.8 MPH) Frank Sokolosky to third
|
|
Batting: RHB Joe Sandoval
|
0-0: Called Strike 0-1: Foul Ball, location: 2F 0-2: DOUBLE (Line Drive, 3D, EV 98.8 MPH) Frank Sokolosky scores Larry Brocato to third Runner from 3rd tries for Home, SAFE, no throw by RF
|
|
Batting: LHB David Moore
|
0-0: SINGLE (Groundball, 34D, EV 108.8 MPH) Joe Sandoval to third Runner from 3rd tries for Home, throw by RF and OUT! 9-2
|
| Bottom of the 5th over - 4 runs, 6 hits, 0 errors, 1 left on base; Erie 4 - Portland 4 |
| TOP OF THE 6TH |
|
Erie SeaWolves batting - Pitching for Portland Sea Dogs : RHP Chris Cory
|
|
Batting: LHB Nick Nino
|
0-0: Called Strike 0-1: Ball 1-1: Ground out U3 (Groundball, 34, EV 111.2 MPH)
|
|
Pitching: LHP David Schultz
|
|
|
Batting: RHB Eric Angelle
|
0-0: DOUBLE (Line Drive, 9LS, EV 91.2 MPH)
|
|
Batting: RHB Carlos Armenteros
|
0-0: Ball 1-0: Ball 2-0: Ball 3-0: Called Strike 3-1: Called Strike 3-2: Foul Ball, location: 2F 3-2: Base on Balls
|
|
Batting: RHB Adam MacConnell
|
0-0: Called Strike 0-1: Fly out, F7 (Flyball, 7LM, EV 90.6 MPH)
|
|
Batting: RHB John Evancho
|
0-0: Called Strike 0-1: Swinging Strike 0-2: Ball 1-2: Foul Ball, location: 2F 1-2: Foul Ball, location: 2F 1-2: Strikes out swinging
|
| Top of the 6th over - 0 runs, 1 hit, 0 errors, 2 left on base; Erie 4 - Portland 4 |
| BOTTOM OF THE 6TH |
|
Portland Sea Dogs batting - Pitching for Erie SeaWolves : RHP Dan Keener
|
|
Batting: RHB Dave Burwell
|
0-0: Ball 1-0: Fly out, F8 (Flyball, 8RD, EV 102.5 MPH)
|
|
Batting: LHB Sergio Tinoco
|
0-0: Ball 1-0: Ground out 4-3 (Groundball, 4, EV 88.8 MPH)
|
|
Batting: RHB Travis Campbell
|
0-0: Ball 1-0: Called Strike 1-1: Ball 2-1: Ball 3-1: SINGLE (Groundball, 5S, EV 61.9 MPH) (infield hit)
|
|
Batting: RHB Alex Melendez
|
0-0: Ball 1-0: Ball 2-0: DOUBLE (Groundball, 5L, EV 103.8 MPH) Travis Campbell to third Runner from 3rd tries for Home, SAFE, throw by LF to home
|
|
Pitching: RHP Andy Thoennes
|
|
|
Batting: RHB Miguel Villanueva
|
0-0: Ball 1-0: Ground out 5-3 (Groundball, 56, EV 106.9 MPH)
|
| Bottom of the 6th over - 1 run, 2 hits, 0 errors, 1 left on base; Erie 4 - Portland 5 |
| TOP OF THE 7TH |
|
Erie SeaWolves batting - Pitching for Portland Sea Dogs : LHP David Schultz
|
|
Batting: RHB Benny O'Connor
|
0-0: Ball 1-0: Ball 2-0: Foul Ball, location: 2F 2-1: Ball 3-1: Fly out, F8 (Line Drive, 78M, EV 106.9 MPH)
|
|
Batting: RHB Tony Soto
|
0-0: Ball 1-0: Called Strike 1-1: Foul Ball, location: 2F 1-2: Fly out, F6 (Line Drive, 6, EV 72.5 MPH)
|
|
Batting: RHB Tanner Purchase
|
0-0: Foul Ball, location: 2F 0-1: Ground out U3 (Groundball, 13, EV 82.5 MPH)
|
| Top of the 7th over - 0 runs, 0 hits, 0 errors, 0 left on base; Erie 4 - Portland 5 |
| BOTTOM OF THE 7TH |
|
Portland Sea Dogs batting - Pitching for Erie SeaWolves : RHP Andy Thoennes
|
|
Batting: RHB Frank Sokolosky
|
0-0: Fly out, F9 (Flyball, 89M, EV 91.9 MPH)
|
|
Batting: RHB Larry Brocato
|
0-0: Called Strike 0-1: Foul Ball, location: 2F 0-2: Ball 1-2: Ball 2-2: Foul Ball, location: 2F 2-2: Ball 3-2: Foul Ball, location: 2F 3-2: Foul Ball, location: 2F 3-2: SINGLE (Groundball, 6MD, EV 94.4 MPH)
|
|
Batting: RHB Joe Sandoval
|
0-0: Called Strike Larry Brocato is caught stealing 2nd base 2-4 0-1: Called Strike 0-2: SINGLE (Line Drive, 8LS, EV 93.8 MPH)
|
|
Batting: LHB David Moore
|
0-0: Ball 1-0: Called Strike 1-1: Ball 2-1: Foul Ball, location: 2F 2-2: Foul Ball, location: 2F 2-2: Ground out 2-3 (Groundball, 15S, EV 66.2 MPH)
|
| Bottom of the 7th over - 0 runs, 2 hits, 0 errors, 1 left on base; Erie 4 - Portland 5 |
| TOP OF THE 8TH |
|
Erie SeaWolves batting - Pitching for Portland Sea Dogs : LHP David Schultz
|
|
Pitching: RHP Elliot Monroe
|
|
|
Batting: RHB Jamie Villagrana
|
0-0: Swinging Strike 0-1: Ball 1-1: Called Strike 1-2: Strikes out swinging
|
|
Batting: LHB Nick Nino
|
0-0: Ball 1-0: Ground out 5-3 (Groundball, 5S, EV 75.6 MPH)
|
|
Batting: RHB Eric Angelle
|
0-0: Ground out 5-3 (Groundball, 5, EV 88.1 MPH)
|
| Top of the 8th over - 0 runs, 0 hits, 0 errors, 0 left on base; Erie 4 - Portland 5 |
| BOTTOM OF THE 8TH |
|
Portland Sea Dogs batting - Pitching for Erie SeaWolves : RHP Andy Thoennes
|
|
Pitching: RHP Denzel McPherson
|
|
|
Batting: RHB Dave Burwell
|
0-0: Swinging Strike 0-1: Ground out 6-3 (Groundball, 56, EV 86.9 MPH)
|
|
Batting: LHB Sergio Tinoco
|
0-0: Called Strike 0-1: SINGLE (Line Drive, 9S, EV 109.4 MPH)
|
|
Batting: RHB Travis Campbell
|
0-0: Ground out 5-3 (Groundball, 56, EV 84.4 MPH) Sergio Tinoco to second
|
|
Batting: RHB Alex Melendez
|
0-0: Ball 1-0: Swinging Strike 1-1: Called Strike 1-2: Ball 2-2: Ball Passed Ball! Sergio Tinoco to third 3-2: Ground out 5-3 (Groundball, 5, EV 87.5 MPH)
|
| Bottom of the 8th over - 0 runs, 1 hit, 0 errors, 1 left on base; Erie 4 - Portland 5 |
| TOP OF THE 9TH |
|
Erie SeaWolves batting - Pitching for Portland Sea Dogs : RHP Elliot Monroe
|
|
Pitching: RHP Aaron Brannon
|
|
|
Batting: RHB Carlos Armenteros
|
0-0: Ball 1-0: Foul Ball, location: 2F 1-1: Ball 2-1: Ground out 4-3 (Groundball, 34, EV 84.4 MPH)
|
|
Batting: RHB Adam MacConnell
|
0-0: Ball 1-0: Foul Ball, location: 2F 1-1: Ground out 4-3 (Groundball, 34S, EV 88.1 MPH)
|
|
Batting: RHB John Evancho
|
0-0: Ground out 4-3 (Groundball, 34, EV 86.2 MPH)
|
| Top of the 9th over - 0 runs, 0 hits, 0 errors, 0 left on base; Erie 4 - Portland 5 |
|